 Dungeon Crawl Stone Soup version 0.32-a0-433-g08bcfe7efd (webtiles) character file.

Game seed: 7435416514954626236

23 jasper the Slasher (level 3, 29/29 HPs)
             Began as a Coglin Chaos Knight on Feb 22, 2024.
             Was a Plaything of Xom.
             Quit the game on level 1 of the Dungeon.
             The game lasted 00:01:50 (452 turns).

jasper the Slasher (Coglin Chaos Knight)             Turns: 452, Time: 00:01:51

Health: 29/29      AC:  5    Str: 14    XL:     3   Next: 0%
Magic:  3/3        EV: 11    Int: 11    God:    Xom [.*....]
Gold:   27         SH:  0    Dex: 13    Spells: 2/2 levels left

rFire   . . .        a - +0 falchion (chaos) {Bob}
rCold   . . .        (no shield)
rNeg    . . .        b - +2 leather armour
rPois   .            (no helmet)
rElec   .            (no cloak)
rCorr   .            (no gloves)
SInv    .            (no boots)
Will    .....        (no amulet)
Stlth   +            (no ring)
HPRegen 0.24/turn    (no ring)
MPRegen 0.08/turn

%: no passive effects
@: no status effects
A: off-hand wielding, slow wielding, warmup strikes, legs shutdown
a: Renounce Religion


You were on level 1 of the Dungeon.
You worshipped Xom.
You were a plaything of Xom.
You visited 1 branch of the dungeon, and saw 1 of its levels.

You collected 27 gold pieces.

Inventory:

Hand Weapons
 a - a +0 falchion of chaos (weapon) {Bob}
Missiles
 d - 5 poisoned darts (quivered)
 e - 5 stones
Armour
 b - a +2 leather armour (worn)
Scrolls
 c - a scroll of butterflies
 g - a scroll of teleportation {unknown}
Potions
 f - a potion of mutation {unknown}
 h - a potion of curing {unknown}


   Skills:
 - Level 3.0 Fighting
 + Level 4.1 Long Blades
 - Level 1.7 Armour
 - Level 0.8 Dodging


You had 2 spell levels left.
You didn't know any spells.
Your spell library was empty.

Dungeon Overview and Level Annotations

Branches:
Dungeon (1/15)

Altars:


Innate Abilities, Weirdness & Mutations

You can wield a second weapon in your off-hand.
It takes a long time for you to wield or remove held weapons.
Your first few attacks do less damage.
Attacking and casting redirects power from your legs.


Message History

The goblin hits you with a +0 club.
You take 3 damage, and have 21/24 hp.
You hit the goblin.
You kill the goblin!
Things that are here:
a +0 club; a goblin corpse A hobgoblin comes into view.
Health restored: 24 A hobgoblin is nearby!
The hobgoblin shouts!
The hobgoblin hits you.
You take 4 damage, and have 20/24 hp.
You slash the hobgoblin! You freeze the hobgoblin.
You kill the hobgoblin!
A bat comes into view.
Health restored: 24 A bat is nearby!
The bat hits you.
You take 1 damage, and have 23/24 hp.
You hit the bat.
You kill the bat!
You have reached level 3!
Your experience leads to an increase in your attributes!
Increase (S)trength, (I)ntelligence, or (D)exterity?
You feel stronger. x2
Health restored: 29; MP restored: 3
Found a faded altar of an unknown god.
e - 5 stones (gained 4)
h - a pink potion The golden eye turns its gaze towards you.
The great orb of eyes turns its gaze towards you.
The golden eye turns its gaze towards you. x2
There is a faded altar of an unknown god here.
This altar belongs to (a) Cheibriados, (b) Gozag or (c) Vehumet, but you can't tell which.
Press the corresponding letter to learn more about a god, or press enter to convert or escape to cancel.
Okay, then.
Xom's attention almost turns to you for a moment.
You do an impromptu tapdance.
You are now a plaything of Xom.
There is a faded altar of an unknown god here.
Are you sure you want to abandon this character and quit the game? (Confirm with "yes".)

#..................
#..................
#####........#.........
#............#......#..
#.###...###.........+..
#.#G#...#G#.........# .
#.###...###.........##+
#...........##+#.#.....
#.....@.....## #.#.....
##............. #.#.....
#..###...###.## #.#.....
#..#G#...#G#.##.#.#.#...
#..###...###....#.#.#.#.
#...............###+#...
#.##............###.....
#....†.........^#≈#.....
#####...........#≈#.....


You could see a great orb of eyes and 3 golden eyes.

Vanquished Creatures
  A dart slug (D:1)
  2 endoplasms (D:1)
  A giant cockroach (D:1)
  2 goblins (D:1)
  5 hobgoblins (D:1)
  2 quokkas (D:1)
  2 bats (D:1)
  A frilled lizard (D:1)
  2 kobolds (D:1)
  A rat (D:1)
19 creatures vanquished.

Notes
Turn   | Place    | Note
-------+----------+-------------------------------------------
     0 | D:1      | jasper the Coglin Chaos Knight began the quest for the Orb.
     0 | D:1      | Reached XP level 1. HP: 18/18 MP: 1/1
   110 | D:1      | Noticed a golden eye
   121 | D:1      | Reached XP level 2. HP: 22/24 MP: 2/2
   286 | D:1      | Reached skill level 4 in Long Blades
   425 | D:1      | Reached XP level 3. HP: 29/29 MP: 3/3
   425 | D:1      | Found a faded altar of an unknown god.
   432 | D:1      | Noticed a golden eye
   433 | D:1      | Noticed a great orb of eyes
   433 | D:1      | Noticed a golden eye
   444 | D:1      | XOM: silly message
   452 | D:1      | Quit the game

Illustrated notes

Levels and vault maps discovered:
D:1:      minmay_arrival_three_doors, layout_basic,
          hellmonk_ecumenical_altar_watching_god, serial_rivers,
          chequers_serial_rivers_micro_a, chequers_serial_rivers_micro_c,
          chequers_serial_rivers_small_a, chequers_serial_rivers_micro_a

Skill      XL: |  1  2 |
---------------+-------+-----
Long Blades    | 4 |  4.1
Fighting       | |  3.0
Armour         | |  1.7
Dodging        | |  0.8

Action                     || total
---------------------------++-------
  Melee: Falchion          ||    46
 Armour: Leather armour    ||    29
  Dodge: Dodged            ||    18

Table legend: (Time is in decaauts)
 A = Elapsed time spent in this place.
 B = Non-inter-level travel time spent in this place.
 C = Inter-level travel time spent in this place.
 D = Time resting spent in this place.
 E = Time spent auto-exploring this place.
 F = Levels seen in this place.
 G = Mean time per level.
                   A        B        C        D        E       F      G
               +--------+--------+--------+--------+--------+-----+--------+
         Total |    459 |    459 |      0 |      9 |    300 |   1 |  459.0 |
       Dungeon |    459 |    459 |      0 |      9 |    300 |   1 |  459.0 |
               +--------+--------+--------+--------+--------+-----+--------+

Top non-repeatable levels by time:
     D:1: 459 daAuts
